 Dungeon Crawl Stone Soup version 0.28-a0-514-g0d7ab7f379 (webtiles) character file.

Game seed: 6258058316398713103

86 a11behringer the Chopper (level 4, -5/39 HPs)
             Began as a Hill Orc Cinder Acolyte on Sept 23, 2021.
             Was a High Priest of Ignis.
             Slain by an iguana (9 damage)
             ... on level 3 of the Dungeon.
             The game lasted 00:12:19 (2260 turns).

a11behringer the Chopper (Hill Orc Cinder Acolyte)  Turns: 2260, Time: 00:12:20

Health: -5/39      AC:  7    Str: 16    XL:     4   Next: 50%
Magic:  5/5        EV: 11    Int: 14    God:    Ignis [*****.]
Gold:   115        SH:  0    Dex:  7    Spells: 5/5 levels left

rFire   + . .      SeeInvis +   a - +0 hand axe (flame)
rCold   . . .      Faith    .   (no shield)
rNeg    . . .      Spirit   .   p - +0 leather armour
rPois   .          Reflect  .   m - +2 hat
rElec   .          Harm     .   (no cloak)
rCorr   +          Rampage  .   q - +0 pair of gloves
Will    .....                   s - +0 pair of boots of Circular Logic {Slay+2}
Stlth   +.........              r - amulet of the acrobat
HPRegen 0.13/turn               d - ring of resist corrosion
MPRegen 0.09/turn               f - ring of see invisible

@: no status effects
A: no striking features
a: Renounce Religion, Sea of Fire, Foxfire Swarm, Rising Flame


You were on level 3 of the Dungeon.
You worshipped Ignis.
Ignis was extremely pleased with you.
You visited 1 branch of the dungeon, and saw 4 of its levels.

You collected 115 gold pieces.

Inventory:

Hand Weapons
 a - a +0 hand axe of flaming (weapon)
Armour
 b - a +0 robe
 l - a +0 tower shield
 m - a +2 hat (worn)
 p - a +0 leather armour (worn)
 q - a +0 pair of gloves (worn)
 s - the +0 pair of boots of Circular Logic (worn) {Slay+2}
   (You acquired it on level 2 of the Dungeon)

   Slay:      It affects your accuracy & damage with ranged weapons and melee
   (+2).
Jewellery
 d - a ring of resist corrosion (left hand)
 f - a ring of see invisible (right hand)
 r - an amulet of the acrobat (around neck)
Scrolls
 c - a scroll of amnesia {unknown}
 g - a scroll of acquirement
 h - 2 scrolls of identify {unknown}
 j - a scroll of vulnerability
 k - a scroll of noise {unknown}
 u - a scroll of enchant armour {unknown}
Potions
 e - a potion of brilliance {unknown}
 i - 2 potions of haste {unknown}
 n - a potion of heal wounds {unknown}
 o - a potion of might {unknown}
 t - a potion of attraction {unknown}


   Skills:
 - Level 3.6 Fighting
 * Level 6.2 Axes
 + Level 1.2 Armour
 + Level 1.0 Spellcasting
 + Level 3.6 Fire Magic


You had 5 spell levels left.
You didn't know any spells.
Your spell library contained the following spells:

 Spells                   Type           Power      Damage    Failure   Level
 Scorch                   Fire           20%        2d6       11%         2
 Foxfire                  Conj/Fire      20%        2x1d5     16%         1
 Magic Dart               Conj           0%         1d3       32%         1
 Conjure Flame            Conj/Fire      5%         6-21      41%         3
 Inner Flame              Hex/Fire       5%         N/A       41%         3
 Call Imp                 Summ           0%         N/A       43%         2
 Mephitic Cloud           Conj/Pois/Air  0%         N/A       67%         3
 Flame Wave               Conj/Fire      5%         3d4       83%         4
 Animate Dead             Necr           0%         N/A       97%         4
 Borgnjor's Vile Clutch   Necr/Erth      0%         N/A       100%        5
 Death Channel            Necr           0%         N/A       100%        6


Dungeon Overview and Level Annotations

Branches:
Dungeon (4/15)
 Temple: D:4-7

Altars:
Sif Muna


Message History

You hit the kobold. You burn the kobold.
You kill the kobold!
You see here a +0 short sword.
You see here a +0 short sword.
There is a stone staircase leading down here.
You climb downwards.
The ogre shouts!
You hear an angry hiss.
Found 10 gold pieces, a scroll labelled HESIYZ HEOKI and 21 bolts.
Found a stone staircase leading up.
There is a stone staircase leading up here.
Okay, then.
An iguana comes into view.
The ogre completely misses you.
There is a stone staircase leading up here.
The iguana completely misses you.
Found a kite shield.
There is a stone staircase leading up here.
The iguana misses you.
You climb upwards.
There is a stone staircase leading down here.
You hit the iguana but do no damage. The iguana bites you.
You closely miss the iguana. The iguana bites you!
You hit the iguana but do no damage. The iguana closely misses you.
You hit the iguana. You burn the iguana.
The iguana is moderately wounded.
The iguana bites you!
You hit the iguana. You burn the iguana.
The iguana is moderately wounded.
The iguana bites you but does no damage.
You barely miss the iguana.
The iguana is moderately wounded.
The iguana bites you.
You hit the iguana. You burn the iguana.
The iguana is severely wounded.
The iguana bites you!
* * * LOW HITPOINT WARNING * * *
You hit the iguana. You burn the iguana.
The iguana is almost dead.
The iguana bites you!
You die...

########## #........#
#@l......# #........#
#........# ## #........# .##
############........#
..###..........<..##.#######
...##......######......(...#
...##......# #..........#
...........# #.†........#


You could see an iguana.

Vanquished Creatures
  4 adders
  3 worms (D:3)
  6 endoplasms
  A giant cockroach (D:2)
  2 goblins (D:1)
  4 hobgoblins
  2 quokkas
  A ball python (D:3)
  2 bats
  4 frilled lizards
  9 kobolds
  8 rats
46 creatures vanquished.

Notes
Turn   | Place    | Note
-------+----------+-------------------------------------------
     0 | D:1      | a11behringer the Hill Orc Cinder Acolyte began the quest
                  | for the Orb.
     0 | D:1      | Reached XP level 1. HP: 19/19 MP: 2/2
   119 | D:1      | Found a faded altar of an unknown god.
   140 | D:1      | Reached XP level 2. HP: 25/26 MP: 3/3
   817 | D:1      | Reached skill level 5 in Axes
  1150 | D:2      | Found a shimmering blue altar of Sif Muna.
  1453 | D:2      | Reached XP level 3. HP: 20/31 MP: 4/4
  1506 | D:2      | Identified 2 scrolls of acquirement
  1506 | D:2      | Acquired the +0 pair of boots of Circular Logic {Slay+2}
  1901 | D:3      | Reached XP level 4. HP: 31/39 MP: 5/5
  2035 | D:3      | Reached skill level 6 in Axes
  2170 | D:3      | Reached skill level 1 in Armour
  2244 | D:4      | Noticed an ogre
  2260 | D:3      | Slain by an iguana

Illustrated notes

Levels and vault maps discovered:
D:1:      sevenhm_arrival_forest_fort_large_2, layout_rooms,
          ebering_ecumenical_altar_sacrificial
D:2:      layout_rooms, basic_altar, minmay_misc_feat_encased,
          grunt_ministairs_2
D:3:      layout_rooms
D:4:      layout_rooms, okawaru_trees_1

Skill      XL: |  1  2  3  4 |
---------------+-------------+-----
Axes           | 5 6 |  6.2
Armour         | 1 |  1.2
Fighting       | |  3.6
Spellcasting   | |  1.0
Fire Magic     | |  3.6

Action                   |  1- 3 |  4- 6 || total
-------------------------+-------+-------++-------
Melee: Hand axe          |   109 |    28 ||   137
  Use: Scroll            |     4 |       ||     4
Armor: Robe              |     5 |       ||     5
       Leather armour    |    10 |     6 ||    16
Dodge: Dodged            |    70 |    15 ||    85

Table legend: (Time is in decaauts)
 A = Elapsed time spent in this place.
 B = Non-inter-level travel time spent in this place.
 C = Inter-level travel time spent in this place.
 D = Time resting spent in this place.
 E = Time spent auto-exploring this place.
 F = Levels seen in this place.
 G = Mean time per level.
                   A        B        C        D        E       F      G
               +--------+--------+--------+--------+--------+-----+--------+
         Total |   2265 |   1279 |    986 |      0 |    918 |   4 |  566.2 |
       Dungeon |   2265 |   1279 |    986 |      0 |    918 |   4 |  566.2 |
               +--------+--------+--------+--------+--------+-----+--------+

Top non-repeatable levels by time:
     D:1: 1391 daAuts
     D:3: 450 daAuts
     D:2: 416 daAuts
     D:4: 7 daAuts
